 Dungeon Crawl Stone Soup version 0.31.0-11-ge490571c62 (webtiles) character file.

Game seed: 10498708531314507055

122 qw the Ducker (level 4, 0/23 HPs)
             Began as a Spriggan Hunter on Feb 3, 2024.
             Slain by a black bear (6 damage)
             ... on level 3 of the Dungeon.
             The game lasted 00:00:06 (1646 turns).

qw the Ducker (Spriggan Hunter)                     Turns: 1646, Time: 00:00:06

Health: 0/23       AC:  2    Str:  7    XL:     4   Next: 78%
Magic:  5/5        EV: 20    Int: 10    God:
Gold:   79         SH:  0    Dex: 20    Spells: 3/3 levels left

rFire   . . .        d - +0 orcbow
rCold   . . .        (shield currently unavailable)
rNeg    . . .        c - +0 robe
rPois   .            (helmet restricted)
rElec   .            (no cloak)
rCorr   .            (gloves unavailable)
SInv    +            (boots unavailable)
Will    .....        (no amulet)
Stlth   ++           (no ring)
HPRegen 0.23/turn    (no ring)
MPRegen 0.09/turn

%: no passive effects
@: hasted, very quick
A: very small, no large weapons, unfitting armour, see invisible, speed 3
a: no special abilities


You were on level 3 of the Dungeon.
You visited 1 branch of the dungeon, and saw 3 of its levels.

You collected 79 gold pieces.


Innate Abilities, Weirdness & Mutations

You are very small and have problems with some larger weapons.
You are too small for most types of armour.
You have supernaturally acute eyesight. (SInv)
You cover ground extremely quickly. (Speed+++)


   Skills:
 + Level 1.9 Fighting
 - Level 5.0 Ranged Weapons
 - Level 5.2 Dodging
 - Level 1.5 Stealth


You had 3 spell levels left.
You didn't know any spells.
Your spell library was empty.

Inventory:

Hand Weapons
 d - a +0 orcbow (weapon)
Armour
 c - a +0 robe (worn)
Jewellery
 a - a ring of flight
Scrolls
 b - a scroll of teleportation
Potions
 g - 2 potions of mutation

Dungeon Overview and Level Annotations

Branches:
Dungeon (3/15)

Altars:


Message History

a - a ring of flight You see here a +0 rapier.
You open the door.
There is an open door here.
A quokka comes into view.
You shoot an arrow. The arrow hits the quokka.
The quokka is almost dead.
You shoot an arrow. The arrow hits the quokka!
You kill the quokka!
You see here a quokka corpse.
Found a ring mail.
Enter note: A black bear comes into view.
1638 ||| DRINKING potion of haste.
You feel yourself speed up.
You shoot an arrow. The arrow hits the black bear.
The black bear growls angrily.
The black bear is lightly wounded.
You shoot an arrow. The arrow hits the black bear.
The black bear is lightly wounded.
You shoot an arrow. The arrow hits the black bear.
The black bear is moderately wounded.
You shoot an arrow.
The arrow closely misses the black bear.
The black bear bites you. The black bear claws you. x2
You shoot an arrow.
The arrow closely misses the black bear.
The black bear bites you. The black bear claws you.
The black bear closely misses you.
You shoot an arrow. The arrow hits the black bear.
The black bear is moderately wounded.
The black bear completely misses you. The black bear closely misses you.
The black bear misses you.
You shoot an arrow. The arrow hits the black bear!
The black bear is severely wounded.
The black bear goes berserk!
You shoot an arrow.
The arrow closely misses the black bear.
The black bear barely misses you. The black bear claws you!
The black bear claws you.
You die...

# #.......# #.'..
#.#.####### ###..
#.#..%....# #.. #
#[#######.######..
#. #.# ..#........(
#.##.###.#
######.#..
#........#.# #.#..
#..#.h.....# #.###
#...@############.#
##................#
###.##############
#..........#####
#..###.........#
#... +.........#
#.####.........#
#..........<#+##
#######..#<...#


You could see a black bear (berserk).

Vanquished Creatures
  An orc wizard (D:3)
  2 adders
  2 dart slugs (D:3)
  A ribbon worm (D:2)
  3 orcs (D:3)
  4 ball pythons
  14 endoplasms
  3 giant cockroaches
  5 goblins
  6 hobgoblins
  4 jackals (D:1)
  4 quokkas
  7 bats
  2 kobolds
  5 rats
63 creatures vanquished.

Notes
Turn   | Place    | Note
-------+----------+-------------------------------------------
     0 | D:1      | qw the Spriggan Hunter began the quest for the Orb.
     0 | D:1      | Reached XP level 1. HP: 10/10 MP: 2/2
     0 | D:1      | 0 ||| qw: Version: 0.3-a-158-g18b3111
     0 | D:1      | 0 ||| qw: Game counter: 4288
     0 | D:1      | 0 ||| qw: Melee chars always use a shield: true
     0 | D:1      | 0 ||| qw: God list: Okawaru
     0 | D:1      | 0 ||| qw: Allow faded altars: false
     0 | D:1      | 0 ||| qw: Do Orc after clearing Dungeon:15 true
     0 | D:1      | 0 ||| qw: Do second Lair branch before Depths: true
     0 | D:1      | 0 ||| qw: Lair rune preference: random
     0 | D:1      | 0 ||| qw: Goals: Normal
     0 | D:1      | 0 ||| PLANNING D:1-11
    53 | D:1      | Reached skill level 3 in Dodging
   116 | D:1      | Reached XP level 2. HP: 14/14 MP: 3/3
   315 | D:1      | Reached XP level 3. HP: 18/18 MP: 4/4
   455 | D:1      | 455 ||| DROPPING scarf of harm.
   456 | D:1      | 456 ||| DROPPING ring of wizardry.
   457 | D:1      | 457 ||| READING scroll labelled KEYNIUGINN.
   462 | D:1      | 462 ||| READING 2 scrolls labelled UVVEBU ESMA.
   462 | D:1      | 462 ||| IDENTIFYING glowing golden potion
   463 | D:1      | 463 ||| READING scroll of identify.
   463 | D:1      | 463 ||| IDENTIFYING glowing inky potion
   464 | D:1      | 464 ||| DROPPING scroll of butterflies.
   852 | D:2      | 852 ||| FLEEEEING.
  1046 | D:2      | 1046 ||| READING scroll labelled BUOWAJ ZEMYRY.
  1047 | D:2      | 1047 ||| READING scroll labelled NAKKIS ASOROEM.
  1047 | D:2      | 1047 ||| BRANDING +0 shortbow.
  1048 | D:2      | 1048 ||| READING scroll labelled PUMEZEXITI.
  1048 | D:2      | 1048 ||| ENCHANTING +0 shortbow of flaming.
  1049 | D:2      | 1049 ||| READING scroll labelled YTYDOID QEMYS.
  1172 | D:3      | 1172 ||| STAIRDANCE
  1176 | D:3      | 1176 ||| STAIRDANCE
  1189 | D:3      | Reached XP level 4. HP: 12/22 MP: 5/5
  1282 | D:3      | 1282 ||| DRINKING smoky yellow potion.
  1283 | D:3      | 1283 ||| DRINKING red potion.
  1284 | D:3      | 1284 ||| DRINKING fuming grey potion.
  1549 | D:3      | 1549 ||| READING scroll of brand weapon.
  1549 | D:3      | 1549 ||| BRANDING +1 shortbow of flaming.
  1585 | D:3      | 1585 ||| SWAPPING to +0 orcbow.
  1586 | D:3      | 1586 ||| DROPPING +1 heavy shortbow.
  1637 | D:3      | Noticed a black bear
  1638 | D:3      | 1638 ||| DRINKING potion of haste.
  1646 | D:3      | Slain by a black bear

Levels and vault maps discovered:
D:1:      matt_arrival_refuge, layout_rooms, minmay_cupped
D:2:      layout_basic
D:3:      layout_basic, mainiacjoe_overflow_surrounded_room

Skill      XL: |  1  2  3  4 |
---------------+-------------+-----
Dodging        | 3 4 5 |  5.2
Ranged Weapons | 5 |  5.0
Fighting       | |  1.9
Stealth        | |  1.5

Action                     |  1- 3 |  4- 6 || total
---------------------------+-------+-------++-------
   Fire: Shortbow          |   108 |    27 ||   135
         Orcbow            |       |    10 ||    10
    Use: Scroll            |     7 |     1 ||     8
         Potion            |       |     4 ||     4
 Armour: Robe              |    10 |    15 ||    25
  Dodge: Dodged            |    29 |    14 ||    43

Table legend:
 A = Non-vault XP
 B = Vault XP
 C = Vault XP percentage of total XP
 D = Non-vault monster count
 E = Vault monster count
 F = Vault count percentage of total count
                 A         B        C        D         E       F
            +---------+---------+-------+---------+---------+-------
      Total |     173 |       2 |   1.1 |      61 |       2 |   3.2
            +---------+---------+-------+---------+---------+-------
        D:1 |      42 |       2 |   4.5 |      24 |       2 |   7.7
        D:2 |      49 |       0 |   0.0 |      20 |       0 |   0.0
        D:3 |      82 |       0 |   0.0 |      17 |       0 |   0.0
            +---------+---------+-------+---------+---------+-------
